PAAA
BAKERSFIELD NOBLES @ SUNSET DISTRICT FOG
07/25/2026
 
TOP OF THE 1ST
Bakersfield Nobles batting - Pitching for Sunset District Fog : RHP Kent Clement
Pitching: RHP Kent Clement
Batting: RHB Seon-keun Kim 0-0: Called Strike
0-1: Swinging Strike
0-2: Ball
1-2: Strikes out looking
Batting: RHB Joseph Papasogli 0-0: Called Strike
0-1: Ball
1-1: Called Strike
1-2: Ball
2-2: Strikes out swinging
Batting: LHB Pancho García 0-0: Ball
1-0: Ball
2-0: Ground out 4-3 (Groundball, 4)
Top of the 1st over - 0 run(s), 0 hit(s), 0 error(s), 0 left on base; Bakersfield 0 - Sunset District 0
BOTTOM OF THE 1ST
Sunset District Fog batting - Pitching for Bakersfield Nobles : LHP James Scott
Pitching: LHP James Scott
Batting: LHB Bryce Reilly 0-0: Foul Ball, location: 2F
0-1: Ball
1-1: Ball
2-1: Ground out 4-3 (Groundball, 4)
Batting: RHB Manuel Rodríguez 0-0: Ball
1-0: Swinging Strike
1-1: Called Strike
1-2: Ground out 5-3 (Groundball, 5)
Batting: RHB Ricardo Téllez 0-0: Fly out, F6 (Line Drive, 6)
Bottom of the 1st over - 0 run(s), 0 hit(s), 0 error(s), 0 left on base; Bakersfield 0 - Sunset District 0
TOP OF THE 2ND
Bakersfield Nobles batting - Pitching for Sunset District Fog : RHP Kent Clement
Batting: LHB Jorge Alejándrez 0-0: Ball
1-0: Ball
2-0: Called Strike
2-1: Swinging Strike
2-2: Ball
3-2: Fly out, F7 (Line Drive, 78M)
Batting: RHB Alfredo García 0-0: Swinging Strike
0-1: Ball
1-1: Ball
2-1: Swinging Strike
2-2: Foul Ball, location: 2F
2-2: Strikes out swinging
Batting: SHB Silas Floyd 0-0: Called Strike
0-1: Swinging Strike
0-2: Ball
1-2: Foul Ball, location: 2F
1-2: Foul Ball, location: 2F
1-2: Strikes out swinging
Top of the 2nd over - 0 run(s), 0 hit(s), 0 error(s), 0 left on base; Bakersfield 0 - Sunset District 0
BOTTOM OF THE 2ND
Sunset District Fog batting - Pitching for Bakersfield Nobles : LHP James Scott
Batting: RHB José Vargas 0-0: SOLO HOME RUN (Flyball, 7D), Distance : 396 ft
Batting: SHB Albert Sánchez 0-0: Ball
1-0: Ball
2-0: Swinging Strike
2-1: Swinging Strike
2-2: Strikes out looking
Batting: LHB David Holbrook 0-0: Called Strike
0-1: SINGLE (Flyball, 78S)
Batting: RHB Vicente Rodríguez 0-0: Ball
1-0: Ground out 5-3 (Groundball, 56S)
David Holbrook to second
Batting: LHB Enrique Vásquez 0-0: Called Strike
0-1: Ball
1-1: Foul Ball, location: 2F
1-2: Strikes out swinging
Bottom of the 2nd over - 1 run(s), 2 hit(s), 0 error(s), 1 left on base; Bakersfield 0 - Sunset District 1
TOP OF THE 3RD
Bakersfield Nobles batting - Pitching for Sunset District Fog : RHP Kent Clement
Batting: SHB Ray Davis 0-0: DOUBLE (Line Drive, 7LD)
Batting: RHB Gerjan de Best 0-0: Reached on error, E5 (Groundball, 56)
Ray Davis to third
Batting: RHB Mike Kelly 0-0: Ball
1-0: Grounds into double play, 1-6-3 (Groundball, 13S)
Batting: RHB Seon-keun Kim 0-0: Ball
1-0: Ball
2-0: Ball
3-0: Called Strike
3-1: Foul Ball, location: 2F
3-2: Foul Ball, location: 2F
3-2: Strikes out looking
Top of the 3rd over - 0 run(s), 1 hit(s), 1 error(s), 1 left on base; Bakersfield 0 - Sunset District 1
BOTTOM OF THE 3RD
Sunset District Fog batting - Pitching for Bakersfield Nobles : LHP James Scott
Batting: SHB Esteban Lugo 0-0: Called Strike
0-1: Swinging Strike
0-2: Ground out 1-3 (Groundball, 13)
Batting: LHB Bryce Reilly 0-0: Called Strike
0-1: Ball
1-1: Ball
2-1: Foul Ball, location: 2F
2-2: Ball
3-2: Ground out 6-3 (Groundball, 6MD)
Batting: RHB Manuel Rodríguez 0-0: Ball
1-0: Bunted foul
1-1: Foul Ball, location: 2F
1-2: SINGLE (Groundball, 34D)
Batting: RHB Ricardo Téllez 0-0: Swinging Strike
0-1: Ball
1-1: Ground out 1-3 (Groundball, P)
Bottom of the 3rd over - 0 run(s), 1 hit(s), 0 error(s), 1 left on base; Bakersfield 0 - Sunset District 1
TOP OF THE 4TH
Bakersfield Nobles batting - Pitching for Sunset District Fog : RHP Kent Clement
Batting: RHB Joseph Papasogli 0-0: Swinging Strike
0-1: Ball
1-1: Called Strike
1-2: Strikes out swinging
Batting: LHB Pancho García 0-0: Called Strike
0-1: Swinging Strike
0-2: Ball
1-2: Ball
2-2: SINGLE (Flyball, 8LS)
Batting: LHB Jorge Alejándrez 0-0: Ball
1-0: Foul Ball, location: 2F
1-1: Ball
2-1: Foul Ball, location: 2F
2-2: Strikes out swinging
Batting: RHB Alfredo García 0-0: Foul Ball, location: 2F
0-1: Fielders Choice at 2nd, 6-4 (Groundball, 6)
Top of the 4th over - 0 run(s), 1 hit(s), 0 error(s), 0 left on base; Bakersfield 0 - Sunset District 1
BOTTOM OF THE 4TH
Sunset District Fog batting - Pitching for Bakersfield Nobles : LHP James Scott
Batting: RHB José Vargas 0-0: Fly out, F7 (Flyball, 7)
Batting: SHB Albert Sánchez 0-0: Foul Ball, location: 2F
0-1: Ball
1-1: Foul Ball, location: 2F
1-2: Ball
2-2: Ball
3-2: Base on Balls
Batting: LHB David Holbrook 0-0: Ball
1-0: Ball
2-0: Ball
3-0: Called Strike
3-1: Base on Balls
Albert Sánchez to second
Batting: RHB Vicente Rodríguez 0-0: Foul Ball, location: 2F
0-1: Grounds into double play, 6-4-3 (Groundball, 6)
Bottom of the 4th over - 0 run(s), 0 hit(s), 0 error(s), 1 left on base; Bakersfield 0 - Sunset District 1
TOP OF THE 5TH
Bakersfield Nobles batting - Pitching for Sunset District Fog : RHP Kent Clement
Batting: SHB Silas Floyd 0-0: Called Strike
0-1: Ball
1-1: Swinging Strike
1-2: Ground out 3-1 (Groundball, 34)
Batting: SHB Ray Davis 0-0: Swinging Strike
0-1: Called Strike
0-2: Foul Ball, location: 2F
0-2: Foul Ball, location: 2F
0-2: Ball
1-2: SINGLE (Groundball, 34D)
Batting: RHB Gerjan de Best 0-0: Ball
1-0: Foul Ball, location: 2F
1-1: Ball
2-1: Fly out, F7 (Flyball, 7S)
Batting: RHB Mike Kelly 0-0: Ball
1-0: Called Strike
1-1: Ball
2-1: Foul Ball, location: 2F
2-2: Foul Ball, location: 2F
2-2: Ball
3-2: Ground out 5-3 (Groundball, 5L)
Top of the 5th over - 0 run(s), 1 hit(s), 0 error(s), 1 left on base; Bakersfield 0 - Sunset District 1
BOTTOM OF THE 5TH
Sunset District Fog batting - Pitching for Bakersfield Nobles : LHP James Scott
Batting: LHB Enrique Vásquez 0-0: Ball
1-0: Ball
2-0: Ball
3-0: Called Strike
3-1: Ground out 4-3 (Groundball, 4)
Batting: SHB Esteban Lugo 0-0: Ball
1-0: Hit by Pitch
Batting: LHB Bryce Reilly 0-0: Called Strike
0-1: Ball
1-1: Foul Ball, location: 2F
1-2: Ball
2-2: Foul Ball, location: 2F
2-2: Ball
3-2: Base on Balls
Esteban Lugo to second
Batting: RHB Manuel Rodríguez 0-0: Fly out, F8 (Line Drive, 8RD)
Runner from 2nd tags up, SAFE at 3rd, no throw
Batting: RHB Ricardo Téllez 0-0: Ball
1-0: Called Strike
1-1: Ball
2-1: Fly out, F8 (Flyball, 8LM)
Bottom of the 5th over - 0 run(s), 0 hit(s), 0 error(s), 2 left on base; Bakersfield 0 - Sunset District 1
TOP OF THE 6TH
Bakersfield Nobles batting - Pitching for Sunset District Fog : RHP Kent Clement
Batting: RHB Seon-keun Kim 0-0: Ball
1-0: Swinging Strike
1-1: Foul Ball, location: 2F
1-2: Ball
2-2: Strikes out swinging
Batting: RHB Joseph Papasogli 0-0: Called Strike
0-1: Fly out, F7 (Flyball, 7LS)
Batting: LHB Pancho García 0-0: Ball
1-0: SINGLE (Flyball, 9LS)
Batting: LHB Jorge Alejándrez 0-0: Fly out, F7 (Flyball, 78S)
Top of the 6th over - 0 run(s), 1 hit(s), 0 error(s), 1 left on base; Bakersfield 0 - Sunset District 1
BOTTOM OF THE 6TH
Sunset District Fog batting - Pitching for Bakersfield Nobles : LHP James Scott
Batting: RHB José Vargas 0-0: Swinging Strike
0-1: Called Strike
0-2: Foul Ball, location: 2F
0-2: Ball
1-2: Fly out, F9 (Flyball, 9S)
Batting: SHB Albert Sánchez 0-0: Called Strike
0-1: Fly out, F8 (Flyball, 8RM)
Batting: LHB David Holbrook 0-0: Ball
1-0: Swinging Strike
1-1: Swinging Strike
1-2: Strikes out swinging
Bottom of the 6th over - 0 run(s), 0 hit(s), 0 error(s), 0 left on base; Bakersfield 0 - Sunset District 1
TOP OF THE 7TH
Bakersfield Nobles batting - Pitching for Sunset District Fog : RHP Kent Clement
Batting: RHB Alfredo García 0-0: Called Strike
0-1: Called Strike
0-2: SINGLE (Groundball, 34D)
Batting: SHB Silas Floyd 0-0: Bunted foul
0-1: Ball
1-1: Bunt missed!
1-2: Fielders Choice at 2nd, 4-6 (Groundball, 4)
Pinch Hitting: SHB Jorge Velázquez 0-0: Ball
1-0: Foul Ball, location: 2F
1-1: Ball
2-1: Ball
3-1: Swinging Strike
3-2: Foul Ball, location: 2F
3-2: Strikes out swinging
Silas Floyd steals 2nd base
Batter strikes out.
Pitching: LHP Gerardo García
Pinch Hitting: RHB Lloyd Alberink 0-0: Called Strike
0-1: Swinging Strike
0-2: Ball
1-2: Ball
2-2: SINGLE (Groundball, 56) (infield hit)
Silas Floyd to third
Batting: RHB Mike Kelly 0-0: Called Strike
0-1: Ground out 5-3 (Groundball, 5S)
Top of the 7th over - 0 run(s), 2 hit(s), 0 error(s), 2 left on base; Bakersfield 0 - Sunset District 1
BOTTOM OF THE 7TH
Sunset District Fog batting - Pitching for Bakersfield Nobles : LHP James Scott
Now at 1B: Jorge Velázquez
Now at 3B: Lloyd Alberink
Batting: RHB Vicente Rodríguez 0-0: Ball
1-0: Ball
2-0: Called Strike
2-1: Ground out 6-3 (Groundball, 6M)
Batting: LHB Enrique Vásquez 0-0: Called Strike
0-1: Ball
1-1: Ground out U3 (Groundball, 3)
Batting: SHB Esteban Lugo 0-0: Ball
1-0: Called Strike
1-1: SINGLE (Line Drive, 6MD)
Pinch Hitting: RHB Simon Yusaf Khel 0-0: Ball
1-0: Called Strike
1-1: Ball
2-1: Foul Ball, location: 2F
2-2: Ball
3-2: Ground out 5-3 (Groundball, 56S)
Bottom of the 7th over - 0 run(s), 1 hit(s), 0 error(s), 1 left on base; Bakersfield 0 - Sunset District 1
TOP OF THE 8TH
Bakersfield Nobles batting - Pitching for Sunset District Fog : LHP Gerardo García
Pitching: RHP Seb Alport
Now in RF: Simon Yusaf Khel
Batting: RHB Seon-keun Kim 0-0: Fly out, F5 (Popup, 5D)
Batting: RHB Joseph Papasogli 0-0: Called Strike
0-1: Ball
1-1: Ground out 3-1 (Groundball, 34)
Pitching: LHP Finn Wuilink
Batting: LHB Pancho García 0-0: Swinging Strike
0-1: Ball
1-1: Ground out 4-3 (Groundball, 34D)
Top of the 8th over - 0 run(s), 0 hit(s), 0 error(s), 0 left on base; Bakersfield 0 - Sunset District 1
BOTTOM OF THE 8TH
Sunset District Fog batting - Pitching for Bakersfield Nobles : LHP James Scott
Pitching: LHP José Sánchez
Batting: RHB Manuel Rodríguez 0-0: Ground out 6-3 (Groundball, 6)
Batting: RHB Ricardo Téllez 0-0: Called Strike
0-1: Ball
1-1: Ground out 3-1 (Groundball, 34S)
Batting: RHB José Vargas 0-0: Swinging Strike
0-1: Foul Ball, location: 2F
0-2: Ball
1-2: Ball
2-2: Strikes out looking
Bottom of the 8th over - 0 run(s), 0 hit(s), 0 error(s), 0 left on base; Bakersfield 0 - Sunset District 1
TOP OF THE 9TH
Bakersfield Nobles batting - Pitching for Sunset District Fog : LHP Finn Wuilink
Pitching: RHP Jim Unknown
Batting: LHB Jorge Alejándrez 0-0: Ball
1-0: Ball
2-0: Ball
3-0: Called Strike
3-1: Ground out 4-3 (Groundball, 4)
Pinch Hitting: LHB Theo Fightmaster 0-0: Ball
1-0: Fly out, F8 (Flyball, 8LS)
Pinch Hitting: RHB Logan Cole 0-0: Ball
1-0: Ball
2-0: Ball
3-0: Base on Balls
Batting: SHB Jorge Velázquez 0-0: Foul Ball, location: 2F
0-1: Ball
1-1: Foul Ball, location: 2F
1-2: Foul Ball, location: 2F
1-2: Foul Ball, location: 2F
1-2: Foul Ball, location: 2F
1-2: Ball
2-2: Foul Ball, location: 2F
2-2: Fly out, F6 (Flyball, 6MD)
Top of the 9th over - 0 run(s), 0 hit(s), 0 error(s), 1 left on base; Bakersfield 0 - Sunset District 1
Monday, March 20th, 2017 - OOTP Baseball 17.12 Build 75